 Dungeon Crawl Stone Soup version 0.23.1-37-gaa34b87b72 (webtiles) character file.

Game seed: 2973674646348270114

28 MisterOstroum the Grave Robber (level 2, -8/21 HPs)
             Began as a Mummy Necromancer on Mar 22, 2019.
             Mangled by a gnoll
             ... wielding a +0 halberd
              (13 damage)
             ... on level 1 of the Dungeon.
             The game lasted 00:04:27 (668 turns).

MisterOstroum the Grave Robber (Mummy Necromancer)   Turns: 668, Time: 00:04:28

Health: -8/21      AC:  2    Str: 11    XL:     2   Next: 96%
Magic:  3/6        EV: 12    Int: 14    God:
Gold:   104        SH:  0    Dex: 12    Spells: 5/7 levels left

rFire    x . .     SeeInvis .   b - +0 dagger
rCold    + . .     Gourm    .   (no shield)
rNeg     + + +     Faith    .   a - +0 robe
rPois    ∞         Spirit   .   (no helmet)
rElec    .         Reflect  .   (no cloak)
rCorr    .         Harm     .   (no gloves)
MR       .....                  (no boots)
Stlth    ++........             (no amulet)
HPRegen  0.07/turn              (no ring)
MPRegen  0.10/turn              (no ring)

@: no status effects
A: no food or potions, fire vulnerability, cold resistance 1, negative energy
resistance 3, torment resistance, unbreathing
a: no special abilities


You were on level 1 of the Dungeon.
You were not hungry.

You visited 1 branch of the dungeon, and saw 1 of its levels.

You collected 104 gold pieces.

Inventory:

Hand Weapons
 b - a +0 dagger (weapon)
Missiles
 f - 15 stones (quivered)
Armour
 a - a +0 robe (worn)
Scrolls
 c - a scroll of fear {unknown}
 d - a scroll of immolation {unknown}
 e - a scroll of fog {unknown}


   Skills:
 + Level 1.3 Fighting
 - Level 1.5 Dodging
 - Level 1.5 Stealth
 + Level 3.3 Spellcasting
 + Level 4.3 Necromancy


You had 5 spell levels left.
You knew the following spells:

 Your Spells              Type           Power        Failure   Level  Hunger
a - Pain                  Necr           ##..         3%          1    N/A
b - Animate Skeleton      Necr           N/A          3%          1    N/A

Your spell library contained the following spells:

 Spells                   Type           Power        Failure   Level  Hunger
 Vampiric Draining        Necr           ##........   11%         3    N/A
 Animate Dead             Necr           N/A          34%         4    N/A
 Regeneration             Chrm/Necr      Unusable     N/A         3    N/A

Dungeon Overview and Level Annotations

Branches:
Dungeon (1/15)

Altars:


Innate Abilities, Weirdness & Mutations

You do not eat or drink.
Your flesh is vulnerable to fire.
You are immune to poison.
Your flesh is cold resistant. (rC+)
You are immune to negative energy. (rN+++)
You are immune to unholy pain and torment.
You can survive without breathing.


Message History

The gnoll is heavily wounded.
You hit the gnoll but do no damage.
The gnoll is heavily wounded.
The gnoll hits you with a +0 halberd!
Ouch! That really hurt!
You hit the gnoll.
The gnoll is heavily wounded.
The gnoll hits you with a +0 halberd.
* * * LOW HITPOINT WARNING * * *
Casting: Pain (safe; 3% risk of failure)
Confirm with . or Enter, or press ? or * to list all spells.
Aiming: Pain (safe; 3% risk of failure)
Press: ? - help, Shift-Dir - straight line, f/p - gnoll
Aim: a gnoll, wielding a +0 halberd (heavily wounded, chance to defeat MR: 79%)
The gnoll writhes in agony.
The gnoll closely misses you.
You hit the gnoll.
The gnoll is almost dead.
The gnoll hits you with a +0 halberd!
Ouch! That really hurt!
You die...

##### #...# #...## #
#...##. .#### #...#
.####..... #### #...#
.....^...
...#########...####........
...............'@g'........
##..#####......####........
##.# #....### #########
#.## #....# ###..## #....#
......# #....# ......#
#....# ......# #....#
.....####.####


You could see a gnoll.

Vanquished Creatures
  An ooze (D:1)
  A dart slug (D:1)
  A leopard gecko (D:1)
  A giant cockroach (D:1)
  2 hobgoblins (D:1)
  3 kobolds (D:1)
  2 ball pythons (D:1)
  3 frilled lizards (D:1)
  3 goblins (D:1)
  3 rats (D:1)
20 creatures vanquished.

Notes
Turn   | Place    | Note
-------+----------+-------------------------------------------
     0 | D:1      | MisterOstroum the Mummy Necromancer began the quest for the
                  | Orb.
     0 | D:1      | Reached XP level 1. HP: 13/13 MP: 4/4
   192 | D:1      | Reached XP level 2. HP: 20/20 MP: 6/6
   223 | D:1      | Reached skill level 1 in Fighting
   360 | D:1      | Learned a level 1 spell: Animate Skeleton
   668 | D:1      | Mangled by a gnoll

Skill      XL: |  1  2 |
---------------+-------+-----
Spellcasting   | 3 |  3.3
Fighting       | 1 |  1.3
Dodging        | |  1.5
Stealth        | |  1.5
Necromancy     | |  4.3

Action                   || total
-------------------------++-------
Melee: Dagger            ||    29
 Cast: Pain              ||    29
 Stab: Sleeping          ||     3
Armor: Robe              ||     5
Dodge: Dodged            ||    13
